 Dungeon Crawl Stone Soup version 0.31-a0-977-gc230f8ef24 (webtiles) character file.

Game seed: 1589373540945629978

9214 Xavori the Ducker (level 11, 0/79 HPs)
             Began as a Djinni Chaos Knight on Oct 29, 2023.
             Was a Plaything of Xom.
             Collided with a rock wall (10 damage)
             ... caused by a wretched star
             ... on level 2 of the Abyss.
             The game lasted 00:13:01 (17472 turns).

Xavori the Ducker (Djinni Chaos Knight)            Turns: 17472, Time: 00:13:02

Health: 0/79       AC: 11    Str: 19    XL:     11   Next: 70%
Gold:   696        EV: 17    Int: 10    God:    Xom [......] SH: 14 Dex: 21

rFire   + + .        L - +1 long sword (freeze)
rCold   x . .        l - +0 buckler
rNeg    . . .        y - +0 steam dragon scales
rPois   ∞            (no helmet)
rElec   .            (no cloak)
rCorr   .            K - +0 pair of gloves
SInv    .            (boots unavailable)
Will    +....        D - amulet of reflection
Stlth   ++           t - +6 ring of dexterity
HPRegen 0.33/turn    r - ring of wizardry
MPRegen 0.00/turn

%: reflection, wizardry (x1), infuse magic (-1 HP)
@: flying
A: sickness immunity, fire resistance 2, cold vulnerability 1, float, innate
caster, HP casting, extra vitality 1, iridescent scales 2, large bone plates 1,
dopey 1, strong 2
a: Renounce Religion


You were on level 2 of the Abyss.
You worshipped Xom.
You were a very special plaything of Xom.
You visited 2 branches of the dungeon, and saw 12 of its levels.
You visited the Abyss 1 time.

You collected 696 gold pieces.

Inventory:

Hand Weapons
 L - a +1 long sword of freezing (weapon)
Missiles
 I - a throwing net
Armour
 b - a +2 leather armour
 h - a +0 helmet
 l - a +0 buckler (worn)
 y - +0 steam dragon scales (worn)
 F - a +2 ring mail of cold resistance
 K - a +0 pair of gloves (worn)
Jewellery
 r - a ring of wizardry (right hand)
 s - a +6 ring of intelligence
 t - a +6 ring of dexterity (left hand)
 D - an amulet of reflection (around neck)
 H - a ring of wizardry
Wands
 v - a wand of roots (2)
 C - a wand of paralysis (13)
Scrolls
 c - a scroll of butterflies
 d - 2 scrolls of poison
 f - 3 scrolls of amnesia
 i - 5 scrolls of identify
 w - 3 scrolls of fog
 x - 2 scrolls of immolation
 A - a scroll of blinking
 B - 2 scrolls of teleportation
 E - a scroll of enchant weapon
Potions
 e - 6 potions of curing {unknown}
 g - 2 potions of mutation
 j - 3 potions of cancellation
 k - 3 potions of brilliance
 m - 2 potions of might
 n - a potion of invisibility {unknown}
 o - 2 potions of haste {unknown}
 u - 4 potions of resistance {unknown}
 z - 2 potions of enlightenment
 G - a potion of berserk rage {unknown}
 J - a potion of heal wounds
Miscellaneous
 p - a tin of tremorstones (1/2)
 q - a condenser vane


   Skills:
 + Level 7.5 Fighting
 + Level 6.9 Long Blades
 + Level 6.9 Armour
 + Level 7.9 Dodging
 * Level 6.5 Spellcasting
 * Level 6.5 Conjurations
 * Level 6.5 Hexes
   Level 0.0 Charms
 * Level 6.5 Summonings
 * Level 6.5 Necromancy
 * Level 6.5 Translocations
 * Level 6.5 Transmutations
 * Level 6.5 Fire Magic
 * Level 6.5 Ice Magic
 * Level 6.5 Air Magic
 * Level 6.5 Earth Magic
 * Level 6.5 Poison Magic
 - Level 6.1 Evocations


You knew the following spells:

 Your Spells              Type           Power      Damage    Failure   Level
a - Sandblast             Erth           32%        2d9       1%          1
b - Jinxbite              Hex            32%        N/A       1%          2
c - Ignite Poison         Fire/Tmut/Pois 16%        N/A       1%          3
d - Tukima's Dance        Hex            16%        N/A       1%          3
e - Arcjolt               Conj/Air       8%         1d18      19%         5
Your spell library was empty.

Dungeon Overview and Level Annotations

Branches:
Dungeon (11/15)            Temple (0/1) D:4            Lair (1/5) D:8
    Orc: D:9-12

Altars:
Dithmenos
Elyvilon
Trog
Uskayaw
Wu Jian
Xom
Yredelemnul
The Shining One

Portals:
Abyss: D:6

Annotations:
D:6 2 transporters, Maxmaps's ghost, novice DsHu


Innate Abilities, Weirdness & Mutations

You are immune to sickness and miasma.
You are immune to poison.
Your flesh is very heat resistant. (rF++)
You are vulnerable to cold. (rC-)
You float through the air rather than walking.
You learn spells naturally, not from books.
Your magical power is your life essence.
You have superior vitality. (+4 MHP)
You are mostly covered in iridescent scales. (AC +4)
You are partially covered in large bone plates. (SH +4)
You are dopey. (Int -2)
Your muscles are very strong. (Str +8, Int/Dex -2)


Message History

You block the small abomination's attack.
You hit the small abomination. You freeze the small abomination.
The small abomination is almost destroyed.
You block the small abomination's attack.
The wretched star glows turbulently.
You block the lance of force... and reflect it back!
The lance of force hits the wretched star!!
The wretched star is knocked back by the lance of force.
The small abomination closely misses you.
You slash the small abomination! You freeze the small abomination.
You destroy the small abomination!
You barely miss the wretched star.
The wretched star is moderately damaged.
You barely miss the wretched star.
The wretched star is moderately damaged.
You hit the wretched star but do no damage.
The wretched star is moderately damaged.
You barely miss the wretched star.
The wretched star is moderately damaged.
You hit the wretched star but do no damage.
The wretched star is moderately damaged.
You hit the wretched star but do no damage.
The wretched star is moderately damaged.
The wretched star glows turbulently.
The lance of force misses you.
You barely miss the wretched star.
The wretched star is moderately damaged.
You slash the wretched star! You freeze the wretched star.
The wretched star is heavily damaged.
The wretched star glows turbulently.
The lance of force hits you!
You are knocked back by the lance of force.
The wretched star pulses with an eldritch light!
The wretched star glows turbulently.
The lance of force hits you!!
* * * LOW HITPOINT WARNING * * *
You are knocked back by the lance of force.
You slam into the rock wall!
You die...
Xom thinks this is hilarious!

.....##..#......#.
...................
...#...#.....*#... #
..............#...#
.......#...........#
#.....#.....##....#
#...............#.
.#...............#
#...#@..........#.
#.# ####.##.#.##. .
.## ..#.. . ## . .


You could see a wretched star.

Vanquished Creatures
  A dancing weapon (D:10)
  A cyclops (D:9)
  A komodo dragon (Lair:1)
  3 blink frogs (Lair:1)
  A shadow (D:10)
  A wraith (D:10)
  17 yaks
  A steam dragon (D:8)
  A small abomination (Abyss:2)
  The ghost of gebbletook2 the Changeling, an amateur OpSh (D:4)
  A water moccasin (Lair:1)
  Duvessa (D:7)
  2 ice beasts
  2 black bears
  An orc warrior (D:11)
  A sky beast (D:7)
  An ogre (D:6)
  2 centaurs (D:9)
  2 phantoms
  A kobold brigand (D:11)
  2 bullfrogs
  2 gnoll sergeants
  6 scorpions
  2 wights (D:5)
  Dowan (D:7)
  20 killer bees
  3 howler monkeys
  2 hounds
  A gnoll bouda (D:5)
  3 orc priests
  10 orc wizards
  3 iguanas
  2 adders
  22 gnolls
  A shadow imp (D:6)
  4 white imps
  2 ufetubi (D:6)
  2 worms (D:2)
  3 dart slugs
  26 orcs
  4 bats
  3 endoplasms
  7 giant cockroaches
  6 hobgoblins
  4 jackals (D:2)
  4 quokkas
  3 ball pythons
  5 frilled lizards (D:1)
  8 goblins
  7 kobolds
  A rat (D:2)
211 creatures vanquished.

Vanquished Creatures (collateral kills)
  Pikel (D:7)
  A steam dragon (Lair:1)
  A water moccasin (D:5)
  A gnoll sergeant (D:7)
  5 killer bees (D:7)
  A jelly (D:5)
  2 gnolls (D:7)
  A shadow imp (D:5)
  2 ufetubi (D:7)
  A worm (D:5)
  3 orcs
19 creatures vanquished.

Grand Total: 230 creatures vanquished

Notes
Turn   | Place    | Note
-------+----------+-------------------------------------------
     0 | D:1      | Xavori the Djinni Chaos Knight began the quest for the Orb.
     0 | D:1      | Reached XP level 1. HP: 20/20 MP: 0/0
   214 | D:1      | Reached XP level 2. HP: 25/25 MP: 0/0
   214 | D:1      | XOM: enchant monster (good)
   220 | D:1      | XOM: noise
   469 | D:1      | XOM: noise
   828 | D:1      | XOM: draining
  1337 | D:1      | XOM: summons 2 hostile demons
  1456 | D:2      | XOM: god gift: robe {god gift}
  1470 | D:1      | XOM: god gift: stone
  1563 | D:1      | XOM: give mutation
  1563 | D:1      | Gained mutation: You are partially covered in large bone
                  | plates. (SH +4) [Xom's mischief]
  1947 | D:1      | XOM is BORED!
  1947 | D:1      | XOM: give mutations
  1947 | D:1      | Gained mutation: You are resistant to electric shocks.
                  | (rElec) [Xom's mischief]
  1947 | D:1      | Lost mutation: You are resistant to electric shocks.
                  | (rElec) [Xom's mischief]
  2414 | D:1      | XOM: divination: detect creatures
  3057 | D:1      | XOM: scenery: create altars
  3575 | D:1      | XOM: 3-stop teleportation journey
  4154 | D:1      | XOM: silly message
  4541 | D:1      | XOM: silly message
  4678 | D:1      | XOM: divination: detect items
  4735 | D:1      | XOM: silly message
  5343 | D:1      | XOM: silly message
  5654 | D:1      | XOM: god gift: metallic sapphire potion {god gift}
  6283 | D:1      | XOM: 1-stop teleportation journey
  6625 | D:1      | XOM: scenery: 2 doors close
  6768 | D:1      | XOM: draining
  7000 | D:1      | XOM: give mutation
  7000 | D:1      | Gained mutation: You have a pair of small horns on your
                  | head. [Xom's mischief]
  7323 | D:2      | XOM: noise
  7329 | D:2      | XOM: noise
  7338 | D:2      | Reached XP level 3. HP: 20/20 MP: 0/0
  7338 | D:2      | Learned a level 1 spell: Sandblast
  7350 | D:2      | XOM: snakes to sticks
  7406 | D:1      | XOM: summons 2 hostile demons
  7460 | D:2      | Reached skill level 1 in Spellcasting
  7460 | D:2      | Reached skill level 1 in Conjurations
  7460 | D:2      | Reached skill level 1 in Hexes
  7460 | D:2      | Reached skill level 1 in Summonings
  7460 | D:2      | Reached skill level 1 in Necromancy
  7460 | D:2      | Reached skill level 1 in Translocations
  7460 | D:2      | Reached skill level 1 in Transmutations
  7460 | D:2      | Reached skill level 1 in Fire Magic
  7460 | D:2      | Reached skill level 1 in Ice Magic
  7460 | D:2      | Reached skill level 1 in Air Magic
  7460 | D:2      | Reached skill level 1 in Earth Magic
  7460 | D:2      | Reached skill level 1 in Poison Magic
  7694 | D:2      | Reached XP level 4. HP: 28/28 MP: 0/0
  7743 | D:2      | XOM: summons 1 hostile shadow creature
  7976 | D:2      | XOM: silly message
  8067 | D:2      | XOM: give mutation
  8067 | D:2      | Gained mutation: Armour fits poorly on your strangely
                  | shaped body. [Xom's mischief]
  8434 | D:3      | XOM: silly message
  8436 | D:3      | Reached XP level 5. HP: 8/40 MP: 0/0
  8436 | D:3      | Learned a level 2 spell: Jinxbite
  8468 | D:3      | XOM: god gift: 65 gold pieces
  8507 | D:3      | XOM: 1-stop teleportation journey
  8581 | D:3      | You are sucked into a shaft and drop 2 floors!
  8581 | D:5      | Entered Level 5 of the Dungeon
  8590 | D:5      | Identified the +0 pair of boots of the Weak God {Rampage
                  | Regen+ Str+9 Int-5}
  8623 | D:4      | Found a runed translucent door.
  8625 | D:4      | Noticed gebbletook2's ghost (amateur OpSh)
  9181 | D:3      | XOM: god gift: condenser vane
  9412 | D:4      | Found a staircase to the Ecumenical Temple.
  9521 | D:4      | Noticed a phantom
  9528 | D:4      | XOM: swap monsters
  9532 | D:4      | Killed a phantom
  9533 | D:4      | Reached XP level 6. HP: 30/47 MP: 0/0
  9801 | D:4      | Killed gebbletook2's ghost
  9802 | D:4      | Reached skill level 1 in Evocations
  9872 | D:5      | Reached XP level 7. HP: 49/52 MP: 0/0
  9872 | D:5      | Learned a level 3 spell: Ignite Poison
 10025 | D:5      | XOM: potion effect (invisibility)
 10102 | D:5      | Found an ornate altar of the Wu Jian Council.
 10514 | D:5      | Found a shadowy altar of Dithmenos.
 10514 | D:5      | Found a hide-covered altar of Uskayaw.
 10514 | D:5      | Found a basalt altar of Yredelemnul.
 10514 | D:5      | XOM: 5-stop teleportation journey
 10727 | D:5      | Noticed a water moccasin
 10750 | D:5      | XOM: cast spell 'Monstrous Menagerie'
 10752 | D:5      | Killed a water moccasin
 10753 | D:5      | Reached XP level 8. HP: 28/58 MP: 0/0
 11245 | D:6      | Noticed a small abomination
 11252 | D:6      | XOM: cleaving
 11276 | D:5      | XOM: divination: detect creatures
 11346 | D:5      | XOM: silly message
 11428 | D:5      | XOM: noise
 11429 | D:5      | XOM: potion effect (brilliance)
 11440 | D:5      | XOM: fog
 11529 | D:5      | XOM: god gift: 2 darts of dispersal
 11647 | D:5      | XOM: snakes to sticks
 11859 | D:6      | XOM: 7-stop teleportation journey
 12060 | D:6      | Found a one-way gate to the infinite horrors of the Abyss.
 12060 | D:6      | Noticed Maxmaps's ghost (novice DsHu)
 12068 | D:6      | Noticed a large abomination
 12077 | D:6      | XOM: summons friendly quasit
 12201 | D:6      | XOM: 2-stop teleportation journey
 12348 | D:6      | XOM: give mutations
 12348 | D:6      | Gained mutation: Your muscles are strong. (Str +4, Int/Dex
                  | -1) [Xom's mischief]
 12348 | D:6      | Gained mutation: You have hidden genetic defects. [Xom's
                  | mischief]
 12454 | D:6      | XOM: confuse monster(s)
 12461 | D:6      | Reached skill level 5 in Fighting
 12470 | D:6      | Found a transporter.
 12477 | D:6      | Found a transporter.
 12478 | D:6      | XOM: swap monsters
 12483 | D:6      | XOM: blink monster(s)
 12488 | D:6      | Reached skill level 5 in Dodging
 12488 | D:6      | Reached XP level 9. HP: 65/65 MP: 0/0
 12488 | D:6      | Learned a level 3 spell: Tukima's Dance
 12493 | D:6      | Gained mutation: You are frail. (-10% HP) [hidden defects]
 12655 | D:6      | XOM: blink monster(s)
 12888 | D:7      | XOM: draining
 12964 | D:7      | Noticed Dowan
 12964 | D:7      | Noticed Duvessa
 12975 | D:7      | Killed Duvessa
 12985 | D:7      | Killed Dowan
 12993 | D:7      | Gained mutation: You are dopey. (Int -2) [hidden defects]
 12993 | D:7      | Lost mutation: You have hidden genetic defects. [hidden
                  | defects expressed]
 13139 | D:7      | Noticed Pikel
 13147 | D:7      | Killed Pikel
 13148 | D:7      | Reached skill level 5 in Long Blades
 13164 | D:7      | Reached skill level 5 in Armour
 13177 | D:7      | Reached XP level 10. HP: 38/64 MP: 0/0
 13475 | D:7      | Identified the +6 hand axe of Leesmotiz {heavy, rC+ Str+4}
 13843 | D:8      | Found a staircase to the Lair.
 13867 | D:8      | XOM: confusion
 13871 | D:8      | Lost mutation: You have a pair of small horns on your head.
                  | [potion of mutation]
 13871 | D:8      | Lost mutation: Armour fits poorly on your strangely shaped
                  | body. [potion of mutation]
 13871 | D:8      | Lost mutation: You are frail. (-10% HP) [potion of
                  | mutation]
 13871 | D:8      | Gained mutation: Your muscles are very strong. (Str +8,
                  | Int/Dex -2) [potion of mutation]
 13871 | D:8      | Gained mutation: You are partially covered in iridescent
                  | scales. (AC +2) [potion of mutation]
 13871 | D:8      | Gained mutation: You are mostly covered in iridescent
                  | scales. (AC +4) [potion of mutation]
 13873 | D:8      | XOM: god gift: tin of tremorstones (2/2)
 13982 | D:8      | XOM: cloud trail
 14144 | D:8      | XOM: polymorph howler monkey -> gnoll
 14303 | D:8      | Reached skill level 5 in Spellcasting
 14303 | D:8      | Reached skill level 5 in Conjurations
 14303 | D:8      | Reached skill level 5 in Hexes
 14303 | D:8      | Reached skill level 5 in Summonings
 14303 | D:8      | Reached skill level 5 in Necromancy
 14303 | D:8      | Reached skill level 5 in Translocations
 14303 | D:8      | Reached skill level 5 in Transmutations
 14303 | D:8      | Reached skill level 5 in Fire Magic
 14303 | D:8      | Reached skill level 5 in Ice Magic
 14303 | D:8      | Reached skill level 5 in Air Magic
 14303 | D:8      | Reached skill level 5 in Earth Magic
 14303 | D:8      | Reached skill level 5 in Poison Magic
 14669 | D:9      | XOM: god gift: plate armour {god gift}
 15043 | D:9      | XOM: cleaving
 15050 | D:9      | XOM: confusion
 15063 | D:9      | a yak changed into a cyclops
 15063 | D:9      | Noticed a cyclops
 15063 | D:9      | XOM: polymorph yak -> cyclops
 15074 | D:9      | Killed a cyclops
 15075 | D:9      | Reached skill level 5 in Evocations
 15381 | D:9      | XOM: noise
 15550 | D:9      | XOM: stat loss: -1 Dex (20/21)
 15627 | D:9      | XOM: polymorph gnoll -> giant cockroach
 15968 | D:10     | Entered Level 10 of the Dungeon
 15969 | D:10     | XOM: 1-stop teleportation journey
 15978 | D:10     | XOM: enchant monster (bad)
 15979 | D:10     | XOM: destruction
 15992 | D:10     | XOM: polymorph howler monkey -> gnoll
 16001 | D:10     | Reached XP level 11. HP: 62/78 MP: 0/0
 16001 | D:10     | Learned a level 5 spell: Arcjolt
 16039 | D:10     | XOM: swap monsters
 16062 | D:10     | XOM: noise
 16256 | D:10     | Found a bloodstained altar of Trog.
 16264 | D:10     | XOM: 2-stop teleportation journey
 16331 | D:10     | Found a white marble altar of Elyvilon.
 16365 | D:10     | XOM: summons 6 hostile demons
 16383 | D:10     | XOM: swap monsters
 16384 | D:10     | XOM: noise
 16808 | D:10     | XOM: draining
 16896 | D:10     | XOM: blink monster(s)
 16959 | D:11     | XOM: swap monsters
 17034 | D:11     | Found a glowing golden altar of the Shining One.
 17081 | D:11     | Noticed a boulder beetle
 17160 | Lair:1   | Entered Level 1 of the Lair of Beasts
 17174 | Lair:1   | XOM: summons 11 friendly demons
 17305 | Lair:1   | XOM: enchant monster (bad)
 17319 | Lair:1   | XOM: 1-stop teleportation journey
 17401 | Lair:1   | XOM: confusion (+ monsters)
 17413 | Lair:1   | XOM: silly message
 17422 | Abyss:2  | Cast into level 2 of the Abyss (Xom)
 17458 | Abyss:2  | Noticed a wretched star
 17472 | Abyss:2  | Collided with a rock wall

Illustrated notes

Levels and vault maps discovered:
D:1:      heliophobic_arrival_enchanted_forest, layout_basic
D:2:      layout_loops_ring, minmay_door_square, nicolae_elevator_lobby_asterisk
D:3:      layout_loops_ring, minmay_misc_feat_encased, roderic_lattice_a
D:4:      layout_gridville, temple_doors_e, ebering_ghost_sewer_d
D:5:      layout_basic, nicolae_overflow_hidden_temple, minmay_misc_feat_square,
          st_stairs_8
D:6:      layout_gridville, gammafunk_ghost_abyssal_escape
D:7:      layout_rooms, uniq_duvessa, uniq_pikel
D:8:      layout_cave_pods, dpeg_oklobed_lair
D:9:      layout_loops_corners
D:10:     layout_irregular_city, mainiacjoe_overflow_24_doors,
          lemuel_doored_altar
D:11:     layout_irregular_city, hellmonk_ghost_big_iron, tso_oasis_becter,
          uniq_urug, uniq_erica, uniq_erolcha
Lair:1:   layout_chaotic_city
Abyss:2:  base:
D:10

Skill      XL: |  1  2  3  4  5  6  7  8  9 10 11 |
---------------+----------------------------------+-----
Long Blades    | 3 4 5 6 |  6.9
Spellcasting   | 1 2 3 4 5 6 |  6.5
Conjurations   | 1 2 3 4 5 6 |  6.5
Hexes          | 1 2 3 4 5 6 |  6.5
Summonings     | 1 2 3 4 5 6 |  6.5
Necromancy     | 1 2 3 4 5 6 |  6.5
Translocations | 1 2 3 4 5 6 |  6.5
Transmutations | 1 2 3 4 5 6 |  6.5
Fire Magic     | 1 2 3 4 5 6 |  6.5
Ice Magic      | 1 2 3 4 5 6 |  6.5
Air Magic      | 1 2 3 4 5 6 |  6.5
Earth Magic    | 1 2 3 4 5 6 |  6.5
Poison Magic   | 1 2 3 4 5 6 |  6.5
Armour         | 2 3 4 5 6 |  6.9
Dodging        | 3 4 5 7 |  7.9
Fighting       | 4 5 6 7 |  7.5
Evocations     | 1 2 3 4 5 6 |  6.1

Action                     |  1- 3 |  4- 6 |  7- 9 | 10-12 || total
---------------------------+-------+-------+-------+-------++-------
  Melee: Falchion          |    82 |    84 |   298 |   330 ||   794
         Headbutt          |     7 |    15 |    65 |     5 ||    92
         Punch             |     1 |     1 |       |       ||     2
         Long sword        |       |       |       |   110 ||   110
   Cast: Sandblast         |       |       |     2 |       ||     2
         Jinxbite          |       |       |     1 |     2 ||     3
         Tukima's Dance    |       |       |     1 |       ||     1
  Evoke: Condenser vane    |       |       |     1 |     1 ||     2
         Tin of tremorston |       |       |       |     1 ||     1
    Use: Potion            |     1 |       |     2 |     3 ||     6
         Scroll            |       |       |     8 |     7 ||    15
   Stab: Sleeping          |       |     1 |     1 |       ||     2
         Invisible         |       |       |     4 |       ||     4
         Paralysed         |       |       |     2 |     2 ||     4
         Confused          |       |       |     2 |     1 ||     3
         Distracted        |       |       |     1 |     2 ||     3
 Armour: Leather armour    |    44 |    41 |   179 |    49 ||   313
         Steam dragon scal |       |       |       |   190 ||   190
  Dodge: Dodged            |    50 |    34 |   207 |   354 ||   645
  Block: Other             |    11 |     6 |       |       ||    17
         Buckler           |       |     9 |   201 |   419 ||   629
         Reflection        |       |       |       |     6 ||     6

Table legend: (Time is in decaauts)
 A = Elapsed time spent in this place.
 B = Non-inter-level travel time spent in this place.
 C = Inter-level travel time spent in this place.
 D = Time resting spent in this place.
 E = Time spent auto-exploring this place.
 F = Levels seen in this place.
 G = Mean time per level.
                   A        B        C        D        E       F      G
               +--------+--------+--------+--------+--------+-----+--------+
         Total |  17579 |  17061 |    518 |   7807 |   7252 |  13 | 1352.2 |
       Dungeon |  17263 |  16745 |    518 |   7803 |   7038 |  11 | 1569.4 |
          Lair |    264 |    264 |      0 |      0 |    191 |   1 |  264.0 |
         Abyss |     51 |     51 |      0 |      4 |     23 |   1 |   51.0 |
               +--------+--------+--------+--------+--------+-----+--------+

Top non-repeatable levels by time:
     D:1: 7222 daAuts
     D:5: 1760 daAuts
     D:9: 1329 daAuts
     D:6: 1098 daAuts
     D:8: 1087 daAuts
     D:3: 1036 daAuts
     D:2: 1030 daAuts
    D:10: 1015 daAuts
     D:7: 872 daAuts
     D:4: 641 daAuts
  Lair:1: 264 daAuts
    D:11: 169 daAuts
 Abyss:2: 51 daAuts
